 Dungeon Crawl Stone Soup version 0.27.1-3-gb3d3a73c9e (webtiles) character file.

Game seed: 16769201657577243209

32 belegose the Grasshopper (level 3, 0/28 HPs)
             Began as a Demonspawn Warper on Oct 17, 2021.
             Succumbed to an adder's poison
             ... on level 2 of the Dungeon.
             The game lasted 00:02:44 (1534 turns).

belegose the Grasshopper (Demonspawn Warper)        Turns: 1534, Time: 00:02:45

Health: 0/28       AC:  5    Str: 12    XL:     3   Next: 10%
Magic:  6/6        EV:  9    Int: 14    God:
Gold:   51         SH: 11    Dex: 12    Spells: 3/6 levels left

rFire    . . .     SeeInvis .   a - +0 spear
rCold    . . .     Faith    .   j - +0 buckler
rNeg     . . .     Spirit   .   i - +0 ring mail
rPois    .         Reflect  .   (no helmet)
rElec    .         Harm     .   (no cloak)
rCorr    .         Rampage  .   (no gloves)
Will     .....                  (no boots)
Stlth    +.........             (no amulet)
HPRegen  0.09/turn              (no ring)
MPRegen  0.10/turn              (no ring)

@: mighty, lethally poisoned (0 -> -2)
A: large bone plates 1, condensation shield
a: no special abilities


You were on level 2 of the Dungeon.
You visited 1 branch of the dungeon, and saw 2 of its levels.

You collected 51 gold pieces.

Inventory:

Hand Weapons
 a - a +0 spear (weapon)
Missiles
 b - 8 poisoned darts
 d - 5 boomerangs of dispersal (quivered)
 g - 29 stones
Armour
 i - a +0 ring mail (worn)
 j - a +0 buckler (worn)
Jewellery
 h - a ring of fire
Scrolls
 c - a scroll of blinking
 f - a scroll of immolation {unknown}


   Skills:
 + Level 2.4 Fighting
 + Level 2.2 Polearms
 + Level 1.5 Throwing
 - Level 1.3 Armour
 - Level 1.7 Dodging
 + Level 0.2 Shields
 - Level 2.0 Spellcasting
 - Level 2.6 Translocations


You had 3 spell levels left.
You knew the following spells:

 Your Spells              Type           Power      Damage    Failure   Level
a - Animate Skeleton      Necr           2%         N/A       65%         1
b - Blink                 Tloc           N/A        N/A       41%         2

Your spell library contained the following spells:

 Spells                   Type           Power      Damage    Failure   Level
 Apportation              Tloc           16%        N/A       28%         1
 Corona                   Hex            1%         N/A       65%         1
 Summon Small Mammal      Summ           4%         N/A       65%         1
 Gell's Gravitas          Tloc           4%         N/A       65%         3
 Lesser Beckoning         Tloc           4%         N/A       65%         3
 Teleport Other           Tloc           8%         N/A       65%         3
 Manifold Assault         Tloc           8%         N/A       100%        5


Dungeon Overview and Level Annotations

Branches:
Dungeon (2/15)

Altars:


Innate Abilities, Weirdness & Mutations

You are partially covered in large bone plates. (SH +4)
A meltable shield of frost defends you. (SH +4)


Message History

You hit the adder.
The adder is heavily wounded.
You feel sick. You block the adder's attack. The adder barely misses you.
You miss the adder.
The adder is heavily wounded.
You feel sick. The adder bites you.
You are lethally poisoned!
The adder poisons you!
You are too injured to fight recklessly!
You are too injured to fight recklessly!
You are too injured to fight recklessly!
You are too injured to fight recklessly!
You are too injured to fight recklessly!
You miss the adder.
The adder is moderately wounded.
* * * LOW HITPOINT WARNING * * *
You feel sick. The adder barely misses you.
You hit the adder.
The adder is heavily wounded.
* * * LOW HITPOINT WARNING * * *
You feel sick. You block the adder's attack.
The adder bites you but does no damage.
It was a potion of might.
You feel very mighty all of a sudden.
* * * LOW HITPOINT WARNING * * *
You feel sick. The adder barely misses you.
You puncture the adder!
You kill the adder!
* * * LOW HITPOINT WARNING * * *
You feel sick.
You have reached level 3!
Your experience leads to an increase in your attributes!
Increase (S)trength, (I)ntelligence, or (D)exterity?
You feel stronger.
Your demonic ancestry asserts itself...
Frost condenses into a shield before you.
* * * LOW HITPOINT WARNING * * *
You feel sick.
You see here a quokka corpse.
An endoplasm comes into view.
You die...

.........# # .........#
# ### .........# # #<#
.........######## #...#
. .........'.......
##### ...
.........######## ....#
.........# ###
......########'#######.#
..>....@†..............#
##.####.###.....########
.... #.....#
####..#.....# ..####.##
#J# #.# .# #.# .. #.#
#.#


You could see an endoplasm (asleep).

Vanquished Creatures
  An adder (D:2)
  A dart slug (D:1)
  5 ball pythons
  A bat (D:1)
  2 endoplasms (D:1)
  2 giant cockroaches (D:1)
  A hobgoblin (D:1)
  A quokka (D:2)
  2 frilled lizards (D:1)
  3 kobolds (D:1)
  2 rats (D:1)
21 creatures vanquished.

Notes
Turn   | Place    | Note
-------+----------+-------------------------------------------
     0 | D:1      | belegose the Demonspawn Warper began the quest for the Orb.
     0 | D:1      | Reached XP level 1. HP: 16/16 MP: 3/3
   153 | D:1      | Reached skill level 1 in Throwing
   153 | D:1      | Reached skill level 1 in Armour
   382 | D:1      | Gained mutation: You are partially covered in large bone
                  | plates. (SH +4) [demonic ancestry]
   382 | D:1      | Reached XP level 2. HP: 13/22 MP: 5/5
  1205 | D:1      | Learned a level 1 spell: Animate Skeleton
  1208 | D:1      | Learned a level 2 spell: Blink
  1532 | D:2      | HP: 1/23 [poisoned by an adder]
  1533 | D:2      | Gained mutation: A meltable shield of frost defends you.
                  | (SH +4) [demonic ancestry]
  1533 | D:2      | Reached XP level 3. HP: 2/28 MP: 6/6
  1534 | D:2      | Succumbed to an adder's poison

Illustrated notes

Levels and vault maps discovered:
D:1:      dpeg_arrival_three_smaller_balls, layout_loops_ring, grunt_decor_cap
D:2:      layout_basic, kennysheep_cross_bottleneck, minmay_misc_feat_square,
          mrwooster_statue_mirror, hangedman_decor_riveting, uniq_sigmund

Skill      XL: |  1 |
---------------+----+-----
Throwing       | 1 |  1.5
Armour         | 1 |  1.3
Polearms       | 2 |  2.2
Fighting       | |  2.4
Dodging        | |  1.7
Shields        | |  0.2
Spellcasting   | |  2.0
Translocations | |  2.6

Action                   || total
-------------------------++-------
Melee: Spear             ||    90
  Use: Potion            ||     1
Armor: Leather armour    ||     9
       Ring mail         ||    20
Dodge: Dodged            ||    33
Block: Other             ||     7
       Buckler           ||     5
